[Event "44th Chess Olympiad Women 2022"]
[Site "Chennai"]
[Date "2022.07.31"]
[Round "3.78"]
[White "Paasikangas, Johanna"]
[Black "Vega Jimenez, Keyshla M."]
[Result "1-0"]
[WhiteElo "2155"]
[BlackElo "1653"]
[Annotator "RC"]
[PlyCount "117"]
[EventDate "2022.??.??"]
[TimeControl "60"]

1. e4 e5 2. Nf3 Nc6 3. Bc4 Bc5 4. d3 Nf6 5. c3 d6 6. Bg5 h6 7. Bh4 Qe7 8. b4 Bb6 9. a4 a5 10. b5 Nd8 11. Nbd2 Be6 12. Qe2 O-O 13.
O-O Re8 14. Rfe1 Rc8 15. Bxe6 Nxe6 16. Nc4 Nf4 17. Qd2 Qe6 18. Nxb6 cxb6 19. Bg3 N6h5 20. c4 Qd7 21. Nh4 Ne6 22. Nf5 Nc5 23. Qe3 Re6 24. Qf3 Nxg3 25. hxg3 Rg6 26. Red1 Ne6 27. Qe3 Qc7 28. f3 Kf8 29. Kf2 Rd8 30. Rac1 Nc5 31. Ra1 Ne6 32. Ra2 Qc5 33. Rc2 Qxe3+ 34. Nxe3 Nc5 35. Ra2 Re6 36. Nd5 Nd7 37. f4 f6 38. Kf3 Kf7 39. g4 Ree8 40. g3 Rh8 41. Rh2 Rc8 42. Ke3 Ke6 43.
Rdh1 Kf7 44. g5 Rcg8 45. Rh5 Ke8 46. R1h3 fxg5 47. fxg5 Rf8 48. gxh6 gxh6 49. Rxh6 Rxh6 50. Rxh6 Rf1 51.
Re6+ Kf8 52. Rxd6 Nc5 53. Nxb6 Ra1 54. Rd5 Nxa4 55. Nxa4 Rxa4 56. Rxe5 Ra1 57. b6 a4 58. Ra5 a3 59. Kd4 1-0

[Event "44th Chess Olympiad Women 2022"]
[Site "Chennai"]
[Date "2022.08.01"]
[Round "4.1"]
[White "Gaal, Zsoka"]
[Black "Tania, Sachdev"]
[Result "0-1"]
[WhiteElo "2313"]
[BlackElo "2399"]
[Annotator "TA"]
[PlyCount "104"]
[EventDate "2022.??.??"]
[TimeControl "60"]

1. d4 Nf6 2. g3 d5 3. Bg2 e6 4. Nf3 b5 5. O-O Bb7 6. a4 {[%emt 0:
00:00] A46:1 d4 Nf6 2 Nf3 e6: Torre, London and Colle Systems.} b4 7. a5 Be7 8. c3 {[%emt 0:00:
00] The position is equal.} bxc3 9. bxc3 O-O {[%emt 0:00:50] [#]} 10. c4 $146 ({Predecessor:} 
10. Ba3 Bxa3 11. Nxa3 c5 12. Nc2 Nbd7 13. a6 Bc6 14. Ne5 Nxe5 15. dxe5 Nd7 16.
f4 {0-1 (37) Iliaguev,N (2344)-Martinez Alcantara,J (2591) Chess. com INT 2022}
) 10... dxc4 11. Qc2 c5 12.
dxc5 Bxc5 13. Bb2 {[%emt 0:00:59] Black must
now prevent Ng5.} Nbd7 14. Qxc4 Rb8 {[%emt 0:
06:16] Threatens to win with ...Bxf3.} 15. Qc1 Qe7 16. Nc3 (16. a6 $11 Bc6 17. Nbd2) 16... Rfc8 $1 $17 17. Ra4 Bc6 18. Rh4 (18. Ra2 $17 {is a better defense.}) 18... Nf8 $1 $19 19. Qa1 (19. Kh1 $142) 19... Ng6 20. Rh3 e5 21. Na2 Bd7 22. Nxe5 $2 {[%emt 0:00:37] [#]} (22. Bxe5 Nxe5 23. Nxe5) 22... Bxh3 $2 (22... Rxb2 $1 $19 23. Nxd7 Bd4 24. Nxf6+ Qxf6) 23. Bxh3 $17 Rc7 24. Nc1 $2 {[%emt 0:02:26] [#]
} (24. Ng4 $17 {was called for.} Ne8 25. Bxg7 Nxg7 26. Nf6+ Kh8 27. Nd5) 24...
Nxe5 $2 (24... Rxb2 $1 $19 {is more deadly.} 25. Nxg6 (25.
Qxb2 Nxe5) 25... Bxf2+ 26. Kxf2 (26. Rxf2 $2 Qb4 $19) 26... Qc5+ 27. Kg2 Rc2)
25. Bxe5 {[%emt 0:00:07] A strong pair of Bishops.} Bd6 26.
Bd4 Rb5 27. e3 Be5 {[%emt 0:
00:14] Black is more active.} 28. Ne2 Bxd4 29. Nxd4 Rbc5 30. Rd1 g6 31. a6 Qe5 32. Rb1 Qe4 (32... Ra5 $142 33. Rb8+ Kg7) 33. Rd1 {[%emt 0:03:
04][%cal Yd4e6] Hoping for Ne6!} Kg7 34. Nb3 Rb5 35. Nd4 Rbc5 36. Nb3 $1 Rc3 $36 {[%emt 0:
00:35] White is under strong pressure.} 37. Nd4 Rd3 38. Re1 Qe7 39. Bf5 $2 Ra3 $19 40. Qb2 Rxa6 41. g4 (41. Bd3 {might work better.} Rb6 42. Qd2) 41... Rb6 42. Qa1 Kg8 43.
Rd1 Rd6 ({Wrong is} 43... gxf5 $2 44. Nxf5
Qf8 45. g5 $19) 44. Re1 gxf5 45. Nxf5 Qd7 46. Rb1 $2 (46. Nxd6 {
is the only way for White.} Qxd6 47. Rd1) 46... Rc8 {[%emt 0:05:32] And now ...
Rdc6 would win.} 47. Nh6+ $2 (47. Nxd6 {keeps fighting.} Qxd6
48. h3) 47... Kf8 48. g5 Ng8 49. Qh8 Rd1+ 50. Kg2 Qd5+ {
[%emt 0:00:20] Black mates.} 51. e4 Qxg5+ 52.
Kf3 Rxb1 {[%emt 0:00:27] Weighted Error Value: White=0.72/
Black=0.23 (precise)} 0-1

[Event "44th Chess Olympiad Women 2022"]
[Site "Chennai"]
[Date "2022.08.01"]
[Round "4.1"]
[White "Gara, Ticia"]
[Black "Harika, Dronavalli"]
[Result "1/2-1/2"]
[WhiteElo "2367"]
[BlackElo "2517"]
[Annotator "TA"]
[PlyCount "25"]
[EventDate "2022.??.??"]
[TimeControl "60"]

1. Nf3 d5 2. g3 g6 3. Bg2 Bg7 4. d4 c6 5. O-O Nf6 {[%emt 0:00:25] The position is equal.} 6. Nbd2 {
[%emt 0:01:24] D02:1 d4 d5 2 Nf3 sidelines, including 2...Nf6 3 g3 and 2...
Nf6 3 Bf4.} a5 7. c3 O-O 8. Re1 Bf5 {[%emt 0:01:18] Against e4} 9. Nh4
{[%emt 0:01:54] [#]} Be6 $146 ({Predecessor:} 9...
Bg4 10. h3 Be6 11. Nhf3 h6 12. e4 dxe4 13. Nxe4 Nxe4 14. Rxe4 Bd5 15. Re1 Nd7
16. Qe2 Re8 17. Bf4 b5 18. a4 Qb6 19. Ne5 Nxe5 20. Bxe5 Bxg2 21. Kxg2 {1-0 (86)
Vastrukhin,O (2401)-Yilmaz,M (2630) Chess.com INT 2021}) 10. Nhf3 Bf5 11. Nh4 Be6 12. Nhf3 Bf5 13. Nh4 {[%emt 0:04:39]
An uneventful encounter. Weighted Error Value: White=0.07 (flawless) /Black=0.
00 (flawless)} 1/2-1/2

[Event "44th Chess Olympiad Women 2022"]
[Site "Chennai"]
[Date "2022.08.01"]
[Round "4.1"]
[White "Koneru, Humpy"]
[Black "Hoang, Thanh Trang"]
[Result "1/2-1/2"]
[WhiteElo "2586"]
[BlackElo "2376"]
[Annotator "TA"]
[PlyCount "96"]
[EventDate "2022.??.??"]
[TimeControl "60"]

1. d4 e6 2. c4 f5 3. g3 Nf6 4. Bg2 c6 5. Nf3 d5 6. O-O Bd6 7. b3 Qe7 8. Ne5 O-O 9. Qc2 Nbd7 {[%emt 0:00:00] 9...
Nbd7 scores better than 9...Bd7.} 10. Nd3 {[%emt 0:03:10] A90: Dutch Defence:
Miscellaneous and Modern Stonewall (with ...Bd6).} b6 11. Bf4 Bb7 12. Nd2 {[%emt 0:09:23] The position is
equal.} Rac8 13. Bxd6 Qxd6 14. Rac1 {[%emt 0:05:13] [#]} c5 $146 ({Predecessor:} 14...
Ne4 15. Qb2 Nxd2 16. Qxd2 dxc4 17. Rxc4 Ba6 18. Ra4 Nb8 19. Nb4 c5 20. Nxa6 b5
{1-0 (34) Loeffler,S (2365)-Muse,D (2295) Germany 1993}) 15. cxd5 exd5 (15... Bxd5 {looks sharper.} 16. Nc4 Qe7 17. Qb2
cxd4 18. Qxd4 Nc5) 16. dxc5 bxc5 17. Rfd1 g6 (17... g5 $11) 18. Nf4 $1 $16 Qa6 {[%emt 0:04:31] Inhibits Nc4.} 19. e3 Rfd8 20. Nf3 (20. h4 $14) 20... Nf8 (20...
d4 $1 $11) 21. h4 Ne4 ({Better is} 21... Ne6
$14) 22. Ng5 $1 Qf6 23. Kh2 (23. Qe2 $16) 23... h6 $1 $11 24. Nxe4 fxe4 25. Bh3 Rc7 26. Qc3 $36 {
[%emt 0:00:34] White has good play.} Qf7 27. Bg4 (27. Kg2 $14) 27... g5 28. Nh5 {[%emt 0:03:53] Hoping
for Nf6+.} Rc6 {[%emt 0:05:46] Prevents Nf6+.} (28... Qxf2+ $2 29. Kh1 d4 30.
Qa5 $18) 29. hxg5 Bc8 (29... Qxf2+ $2 30. Kh1
Qf7 31. Rf1 $18) 30. f3 exf3 $2 {[%emt 0:01:06] [#]} (30...
hxg5 $11 {and Black has nothing to worry.} 31. Qe5 Nh7) 31. Bxf3 $1 $18 hxg5 {[%emt 0:03:04] [#]} (31... d4 $142 32. exd4
hxg5 33. Bxc6 Qxh5+ 34. Kg1 Qg4) (31... Bb7 32. Nf6+) 32. Rxd5 $1 Rg6 33. Rxd8 {[%emt 0:02:41] White wants to mate with
Rf1.} Qxf3 34. Qc4+ $2 ({White should play} 
34. Rxc8 $18 {[%cal Yh2g1] Kg1! is the strong threat.} Qxh5+ 35. Kg2 Qe2+ 36.
Kg1) 34... Be6 $11 35. Qxc5 {[%emt 0:01:27][%cal Yh2g1]
Strongly threatening Kg1!} Qxh5+ 36. Kg1 {[%emt 0:00:07]
Dancing on a razor blade.} Qf3 37. Qe5 {[%emt 0:00:38] And
now Rf1 would win.} Rh6 $1 (37... Rf6 $2
38. Qxg5+ Kh7 39. Rc7+ Bf7 {[#]} 40. Qxf6 $3 (40. Rxf8 $2 {gets mated.} Qf1+
41. Kh2 Rf2#) 40... Qxf6 41. Rxf8 Qa1+ 42. Kg2 Qxa2+ 43. Kf3 Qxb3 44. Rfxf7+ (
44. Rcxf7+ Kg6 $16) 44... Kg6 45. Rfd7 $18 (45. Rxa7 Qd5+ 46. Ke2 Qg2+ 47. Rf2
Qxg3 $16) (45. Rg7+ Kf6 $18)) 38. Qxg5+ Kh7 39. Rc7+ Bf7 40.
Rxf7+ $1 Qxf7 41. Qd5 ({
Of course not} 41. Qe5 Rf6 42. Rd1 Qg6 $17) 41... Qf6 42. Kg2 Rg6 43. Qh5+ Kg7 44. Rd4 Qc6+ 45. Qf3 Qc2+ 46. Qf2 Qc6+ 47. Qf3 $1 Qc2+ 48. Qf2 $1 Qc6+ {
[%emt 0:04:53] Weighted Error Value: White=0.28 (precise) /Black=0.31} (48...
Qc5 $15) 1/2-1/2

[Event "44th Chess Olympiad Women 2022"]
[Site "Chennai"]
[Date "2022.08.01"]
[Round "4.1"]
[White "Vaishali R"]
[Black "Lazarne Vajda, Szidonia"]
[Result "1/2-1/2"]
[WhiteElo "2442"]
[BlackElo "2313"]
[Annotator "TA"]
[PlyCount "69"]
[EventDate "2022.??.??"]
[TimeControl "60"]

1. d4 d5 2. Bf4 Nf6 3. e3 c5 4. Nf3 e6 5. Nbd2 Bd6 6. c3 {[%emt 0:01:43] D02:1 d4 d5 2 Nf3
sidelines, including 2...Nf6 3 g3 and 2...Nf6 3 Bf4.} cxd4 7.
cxd4 Bxf4 8. exf4 Nc6 9. Bb5 Bd7 10. O-O {[%emt 0:
00:00] [#]} Qb6 $146 ({Predecessor:} 10... O-O 11. Nb3 Ne4 12.
Rc1 Rc8 13. Nc5 Nxc5 14. Rxc5 Na5 15. Bxd7 Rxc5 16. dxc5 Qxd7 17. b4 Nc4 18.
Ne5 Nxe5 19. fxe5 Rc8 20. Qb3 {½-½ (20) Ponikarovsky,A (2378)-Anjuhin,A 
(2346) St Petersburg 2008}) 11. Bxc6 Bxc6 12.
Qb3 $1 O-O 13. Rfc1 Ne4 {
[%emt 0:08:38] aiming for ...Nxd2.} 14. Qxb6 axb6 15. Nf1 f6 16. Ne3 Nd6 17. a3 Rfc8 18. g4 Nc4 19. Rc2 Nxe3 20.
fxe3 Ba4 21. Rd2 Bc2 22. Kf2 Be4 23. Ng1 b5 24. Re1 b4 25.
axb4 Rc4 26. Ne2 Rxb4 27. Nc3 {[%emt 0:02:40] Prevents Ra2.} f5 28.
Nxe4 fxe4 $11 {[%emt 0:00:11] Endgame KRR-KRR} 29. Rc1 Ra2 30. Rcc2 Kf7 31. h3 Rb3 32. Rc7+ {[%emt 0:00:00] The
position is equal.} Kf6 33. g5+ Kg6 34. Re7 Rbxb2 35. Rxb2 {[%emt 0:01:
57] Weighted Error Value: White=0.07 (flawless) /Black=0.08 (flawless)} 1/2-1/2

[Event "44th Chess Olympiad Women 2022"]
[Site "Chennai"]
[Date "2022.08.01"]
[Round "4.2"]
[White "Krasteva, Beloslava"]
[Black "Ushenina, Anna"]
[Result "0-1"]
[WhiteElo "2249"]
[BlackElo "2423"]
[Annotator "TA"]
[PlyCount "158"]
[EventDate "2022.??.??"]
[TimeControl "60"]

1. d4 d5 2. Nf3 Nf6 3. Bf4 c5 4. e3 Nc6 5. Nbd2 cxd4 6. exd4 {
[%emt 0:00:24] D02:1 d4 d5 2 Nf3 sidelines, including 2...Nf6 3 g3 and 2...
Nf6 3 Bf4.} Bf5 7. Bb5 Bd7 {[%emt 0:23:38] 
[#]} (7... Rc8 $11) 8. Nb3 $146 {[%emt 0:17:22] White is slightly better.} ({
Predecessor:} 8. c3 a6 9. Bd3 Bg4 10. Qb3 Na5 11. Qc2 e6 12. Ne5 Nc6 13. Qb3
Nxe5 14. dxe5 {½-½ (93) Praggnanandhaa,R (2608)-Kobalia,M (2587) Chess.com
INT 2021}) 8... g6 9. O-O Bg7 10. Re1 a6 11. Bd3 O-O 12. c3 Nh5 13. Bd2 Qc7 14. Nc5 Bc8 15. Bf1 b6 16. Nd3 Na5 17. b3 Nc6 18. Rc1 Rd8 19. Nfe5 Nxe5 20. Nxe5 b5 21. Qf3 Be6 22. Nd3 Nf6 23. Bf4 Qa7 24.
Nc5 {[%emt 0:01:07] Prevents Ne4.} Bf5 25. Qe3 Re8 26. f3 Nd7 $1 27. g4 Nxc5 28. gxf5 Nd7 29. fxg6 hxg6 30. Bg3 Rac8 31. Kh1 e6 32. Bf2 Nf6 33. c4 bxc4 34. bxc4 dxc4 35. Bxc4 Qa8 36. Bg3 Rc6 37. Bb3 Rec8 {[%emt 0:00:00] White must now prevent ...
Rxc1.} 38. Rxc6 Qxc6 39. Be5 Nd5 40. Qe4 Bxe5 (40... Rd8
$17) 41. dxe5 (41. Bxd5 $5 exd5 42. Qxe5 $15) 41... Qc3 42. Bxd5 exd5 $15 {[%emt 0:02:06] Endgame
KQR-KQR} 43. Qe2 Rc6 44. Rd1 Rb6 45. Qd3 (45. Rxd5 $15 Rb2 46. Rd3) 45...
Qxe5 $17 {[%emt 0:02:06] Strongly threatening ...Rb2.} 46. Qxd5 Qxd5 {[%emt 0:00:49] Active counter play!} ({Black should play} 46... Qf4 $17
{( -> ...Rb2)} 47. Qe4 Qxe4 48. fxe4 Rb2) 47. Rxd5 {[%emt 0:00:01] KR-KR} Rb1+ 48. Kg2 Rb2+ 49. Kg3 Rxa2 {[%emt 0:00:00] And now ...a5 would win.} 50. h4 Rb2 ({Black should try} 50... Kg7 $15) 51. h5 $1 $11 gxh5 {[%emt 0:00:00] ...Rb5 is the strong threat.} 52. Rxh5 Rb5 53. Rh6 a5 54. Ra6 Kf8 55. Kf4 f5 56. Ke3 Rd5 57. Kf4 Ke7 58. Kg5 Kd7 59. f4 $1 Kc7 60. Re6 Kb7 61. Re5 (61. Re1 $15) 61... Kc6 $17 62. Re8 $2 {[%emt 0:00:42] [#]} (62. Rxd5 {gets mated.} Kxd5
63. Kxf5 a4 64. Kg6 a3 65. f5 a2 66. f6 a1=Q 67. f7 Qh8 68. Kf5 Qg7 69. Kf4 Kd4
70. f8=B Qxf8+ 71. Kg5 Ke5 72. Kh4 Qf3 73. Kg5 Qg2+ 74. Kh6 Kf6 75. Kh7 Qg7#) (
62. Kg6 $17) 62... a4 $2 (62... Kb5 {mates} 63. Kf6 a4 64. Re1
Kb4 65. Rb1+ Kc3 66. Rh1 a3 67. Rh3+ Kb4 68. Rh7 Ra5 69. Rh5 a2 70. Rh1 Kc3 71.
Rh3+ Kd4 72. Rh1 a1=Q 73. Rxa1 Rxa1 74. Kxf5 Ra6 75. Kg5 Ke4 76. f5 Ra5 77. Kf6
Re5 78. Kg5 Rxf5+ 79. Kg4 Rf4+ 80. Kg5 Kf3 81. Kh5 Rg4 82. Kh6 Kf4 83. Kh5 Kf5
84. Kh6 Kf6 85. Kh7 Ra4 86. Kh8 Kf7 87. Kh7 Rh4#) 63. Ra8 $11 Kb5 64. Kf6 Kb4 65. Ke6 $2 {
[%emt 0:00:29] Black converts the advantage convincingly.} (65. Rb8+ $11 Rb5
66. Rg8) 65... Rb5 {[%emt 0:02:37] Black mates.} 66. Rh8 a3 67. Rh3 a2 68. Rh1 Ka3 69. Rd1 Kb2 70. Rd2+ Kb1 71. Rd1+ {
[%emt 0:00:09] [#]} Kc2 $1 72. Rh1 Rc5 73. Kd6 Ra5 74. Ke6 Kd3 75. Ra1 Ke4 76.
Kd6 Kxf4 77. Kc6 Ke3 78. Kb6 Ra8 79. Kc5 f4 {[%emt 0:00:00] Weighted Error Value: White=0.10 (very precise) /
Black=0.14 (very precise)} 0-1

[Event "44th Chess Olympiad Women 2022"]
[Site "Chennai"]
[Date "2022.08.01"]
[Round "4.2"]
[White "Muzychuk, Anna"]
[Black "Peycheva, Gergana"]
[Result "1-0"]
[WhiteElo "2529"]
[BlackElo "2295"]
[Annotator "TA"]
[PlyCount "91"]
[EventDate "2022.??.??"]
[TimeControl "60"]

1. e4 e6 2. d4 d5 3. Nc3 Nf6 4. e5 Nfd7 5. f4 c5 6. Nf3 Nc6 7. Be3 a6 8. Ne2 {[%emt 0:02:55] C11:
French: Classical System: 4 e5 and 4 Bg5 dxe4.} b5 9. c3 Bb7 {[%emt 0:03:05] [#]} 10. g4 $146 {[%emt 0:11:06] White is
slightly better.} ({Predecessor:} 10. g3 Be7 11. Bg2 Qc7 12. O-O O-O-O 13. a4
b4 14. dxc5 Nxc5 15. cxb4 Nxb4 16. Nfd4 {1-0 (36) Rodchenkov,S (2346)-Kozina,A
(2117) Chess.com INT 2022}) 10... Qb6 11. Ng3 Be7 12. Bd3 O-O-O 13. O-O Kb8 14. Qd2 h6 {[%emt 0:00:
00] Prevents Ng5.} (14... f6 $14) 15. f5 $16 Rdf8 16. Rf2 {[%emt 0:08:57] White is more active.} cxd4 17.
cxd4 Bd8 18. Raf1 (18. b3
$16) 18... Qa7 $14 19. fxe6 ({White should
play} 19. Ne2 $16) 19... fxe6 $11 20. Nh5 (
20. Bg6 $14) 20... Bb6 21. Bb1 $1 Rxf3 22. Rxf3 {[%emt 0:00:07] Black must now prevent Kg2.}
Nxd4 23. Rf7 Nxe5 24. Rf8+ Rxf8 25. Rxf8+ Kc7 (25... Bc8 $11 26. Kg2 Nc4) 26. Kg2 $16 ({Inferior is
} 26. Qc3+ Ndc6 27. Bxb6+ Qxb6+ 28. Rf2 g5 $15) 26... Nc4 $2 (
26... Ndf3 $16 27. Rxf3 Bxe3 28. Qxe3 Qxe3 29. Rxe3 d4+ 30. Re4 d3) 27. Qf2 $18
{[%emt 0:04:12] [#] Threatens to win with Qf7+.} Bc5 28. Qf7+ ({Weaker is} 28. Nxg7 Nxe3+ 29. Qxe3 Bxf8 $17) (28. Rg8 $142)
28... Kb6 29. Bxd4 Bxd4 30.
Qxe6+ (30. Nxg7 $18 Bxb2 31. Nxe6) 30... Ka5 $14 {[%emt 0:00:
00] And now ...Be5 would win.} 31. Nf4 (31. Qe1+ $1 $14 b4 32.
a3) 31... Bxb2 $11 {[%emt 0:01:56] This bishop pair is nice.} 32. Rf7 $2 (32. Nd3 $1 $11 {and White is okay.} Qe3 33. Qxe3 Nxe3+ 34. Kf3
d4+ 35. Ke2) 32... Qd4 $2 ({Better is} 32... Be5 $19 33. Nd3 {
[#]} Qe3 $1 34. Nxe5 (34. Rxb7 {is a self mate.} Qe2+ 35. Nf2 Ne3+ 36. Kh3 Qf3+
37. Kh4 Ng2+ 38. Kh5 Nf4+ 39. Kh4 Qxf2#) 34... Nxe5) 33. Nd3 $1 $36 {[%emt 0:
04:09] White fights for an advantage.} Bc8 34. Qxc8 $18 {
[%emt 0:00:52] The board is on fire.} Qe4+ 35. Rf3 Qe2+ 36. Rf2 Qe4+ 37. Rf3 Qe2+ 38. Kg3 {[%emt 0:01:00] Hoping
for Qc7+.} Be5+ (38... Ba3) 39. Nxe5 Qxe5+ 40. Kh3 h5 41. Bf5 g6 42. Bxg6 hxg4+ 43. Qxg4 Ne3 44. Qf4 Qh8+ 45. Kg3 d4 46. h4 {[%emt 0:
03:21] Weighted Error Value: White=0.37/ Black=0.71} (46. Qd6 $142 Qg7 47. Rf7
Qxf7 48. Qa3+ Kb6 49. Bxf7 Kb7 50. Qe7+ Kb6 51. Qd6+ Kb7 52. Qd7+ Kb6 53. Qxd4+
Kc7 54. Qxe3) 1-0

[Event "44th Chess Olympiad Women 2022"]
[Site "Chennai"]
[Date "2022.08.01"]
[Round "4.2"]
[White "Osmak, Yuliia"]
[Black "Antova, Gabriela"]
[Result "0-1"]
[WhiteElo "2420"]
[BlackElo "2275"]
[Annotator "TA"]
[PlyCount "69"]
[EventDate "2022.??.??"]
[TimeControl "60"]

1. Nf3 d5 2. g3 c6 3. Bg2 Bg4 4. O-O Nf6 5. h3 Bh5 6. c4 {[%emt 0:02:38] A07:
Réti Opening: New York and Capablanca Systems.} e6 7. d4 Nbd7 8. cxd5 {[%emt 0:01:02] The position is
equal.} exd5 9. Ne5 {[%emt 0:01:14] is recently more
successful than 9.Qb3.} Bg6 10. Nc3 Be7 11. f4 Be4 12. Nxe4 Nxe4 13. Bxe4 dxe4 14. Qb3 Nxe5 15. fxe5 O-O 16. Be3
{[%emt 0:02:23] [#]} Qd5 $146 ({Predecessor:} 16... Bg5 17.
Bxg5 Qxg5 18. Rf4 c5 19. Raf1 Qe7 20. e3 Rad8 21. Rxe4 cxd4 22. exd4 Qe6 {
½-½ (35) Hakobyan,A (2554)-Arjun,K (2445) Karlsruhe 2019}) 17. Qxb7 Qe6 18. Kg2 Rfb8 19.
Qa6 Rxb2 20. Rf2 $1 Rc2 21. Qb7 ({White should try} 21. Rc1
$1 $14 Rxc1 22. Bxc1) 21... Rf8 22. Rc1 Rxc1 23. Bxc1 a5 24. Qa7 Bb4 25. a3 e3 $1 26. Bxe3 Qd5+ 27. Rf3 (
27. Kh2 $5 Bxa3 28. Bd2 $15) 27... Bxa3 28. Bf2 Bb4 29. Qb7 {[%emt 0:06:51] [#]}
(29. g4 $142) 29... h5 ({Better is} 29... Qc4 $1 $17 30. Qa7
Qxe2) 30. Kg1 {[%emt 0:01:04] [#]} ({White should play} 30. g4 $15) 30... Qc4
$1 $19 31. e4 $2 {[%emt 0:01:12] White does not recover from
this.} (31. Rf4 $17) 31... a4 {[%emt 0:01:12][%cal Ya5a4,Ya4a3,Ya3a2]
Threatens to win with ...a3. Black is clearly winning.} 32. Qa7 a3 {[%emt 0:01:31] Hoping for ...a2.} 33. Qa4 a2 {[%emt 0:
01:21] aiming for ...Qc1+.} 34. Kg2 Qe2 35.
Rb3 {[%emt 0:00:00] Weighted Error Value: White=0.68/Black=0.07 (flawless)} 0-1

[Event "44th Chess Olympiad Women 2022"]
[Site "Chennai"]
[Date "2022.08.01"]
[Round "4.2"]
[White "Salimova, Nurgyul"]
[Black "Muzychuk, Mariya"]
[Result "1/2-1/2"]
[WhiteElo "2416"]
[BlackElo "2540"]
[Annotator "TA"]
[PlyCount "162"]
[EventDate "2022.??.??"]
[TimeControl "60"]

1. d4 Nf6 2. c4 g6 3. Nc3 d5 4. cxd5 Nxd5 5. e4 Nxc3 6. bxc3 Bg7 7. Nf3 c5 8. Bb5+ Nc6 {[%emt 0:00:
00][%cal Rc5d4] 8...Nc6 is better than 8...Bd7.} 9. d5 {[%emt 0:02:29] D85:
Exchange Grünfeld: Unusual White 7th moves and lines with 7 Nf3.} Qa5 10. Rb1 (10. Bxc6+ bxc6 11. O-O Ba6 $15) 10...
a6 11. Bxc6+ bxc6 12. dxc6 (12. O-O $11 {feels stronger.}) 12... Qxc3+ $15 {[%emt 0:05:53]
[#]} 13. Nd2 $146 {[%emt 0:11:19] [#] Threatens to win with Bb2.} ({
Predecessor:} 13. Bd2 Qd3 14. c7 O-O 15. Rb3 Qxe4+ 16. Re3 Qc6 17. Ba5 Qb5 18.
Qd2 Bf5 19. Re2 {0-1 (29) Marn,J (2238)-Preotu,R (2485) Chess.com INT 2021})
13... O-O (13... Qd3 $5 14. Qe2 Qd6 $15) 14.
Bb2 Qa5 (14... Qd3 $5 15. Qb3
Qd6 $11) 15. Bxg7 Kxg7 16. O-O Be6 {[%emt 0:01:52] Against Nc4} 17. Nb3 Bxb3 18. Qxb3 Rac8 19. Qb2+ Kg8 20. Qb6 Qa4 21. c7 Qd7 22. Qxc5 Rxc7 23. Qa5 Rc6 24. Rfe1 Rfc8 25. h3 Qe6 26. Qd5 Rc2 27. Qxe6 fxe6 $11 {
[%emt 0:00:03] Endgame KRR-KRR} 28. Rb7 Kf7 29. Re3 Rxa2 {[%emt 0:02:11] Hoping for ... Rc1+.} 30. Rf3+ Ke8 31. e5 Re2 32. Rb6 a5 33. Rxe6 Rc5 ({Black should play} 33... Ra8 $17) 34. Ra6 Rexe5 35. Ra3 Kf7 36. Ra7 h5 37. Ra4 Rf5 38. f4 Rf6 39. g3 $2 {[%emt 0:01:52] [#]
} (39. h4 $15) 39... Re6 $2 (39... Rc1+ $1 $19 40. Kf2 Rc2+
41. Ke3 Rc3+ 42. Kf2 Rb6) 40. R7xa5 $15 Rc2 41. Ra1 {[%emt 0:33:16] Prevents Re1+.} Ree2 {[%emt 0:03:07]
aiming for ...Rg2+.} 42. Rg5 $1 Rg2+ 43. Kh1
$1 Rh2+ 44. Kg1 Rcg2+ ({Much weaker is} 44... Rxh3 $6 45. Ra3 $17) 45. Kf1 h4 46. Re1 Rf2+ ({
Much worse is} 46... Rxg3 $6 47. Rxg3 hxg3 48. Re3 $17) 47. Kg1 Rhg2+ 48. Kh1 Rxg3 49.
Rxg3 hxg3 $11 {[%emt 0:00:04] KR-KR} 50. Re4 Kf6 {[%emt 0:00:48] Strongly threatening ...Rh2+.} 51. Kg1 e6 52. Kh1 Rd2 53. Kg1 Rh2 54. Re3 Rxh3 {[%emt 0:01:
10] White must now prevent ...Rh2.} 55. Kg2 {[%emt 0:00:06][%csl Yg3,Yh3] The
position is equal.} Rh5 56. Kxg3 Rf5 57. Kg4 g5 58. fxg5+ Rxg5+ 59. Kf4 Rf5+ 60. Kg4 Rf1 61. Kg3 $1 Rb1 62. Kf3 Kf5 63. Ra3 e5 64. Ke3 Rb4 65. Ke2 Re4+ 66. Kf3 Rh4 67. Ke2 Rh2+ 68. Ke1 Kf4 69. Ra4+ e4 {[%emt 0:00:
17] ( -> ...Kf3)} 70. Ra3 Rg2 71. Rc3 Ra2 72. Rb3 Ke5 73. Rh3 Kd4 74. Rg3 Ra1+ 75. Ke2 Rh1 76. Ra3 Rh2+ 77. Ke1 e3 78. Ra8 Kd3 79. Rd8+ Ke4 80. Re8+ Kd3 (80... Kf3 $5 81. Rf8+ Kg4 $11) 81. Rd8+ Ke4
{[%emt 0:00:03] Weighted Error Value: White=0.14 (very precise) / Black=0.14 
(very precise)} 1/2-1/2

[Event "44th Chess Olympiad Women 2022"]
[Site "Chennai"]
[Date "2022.08.01"]
[Round "4.3"]
[White "Dzagnidze, Nana"]
[Black "Karavade, Eesha"]
[Result "1-0"]
[WhiteElo "2531"]
[BlackElo "2339"]
[Annotator "TA"]
[PlyCount "67"]
[EventDate "2022.??.??"]
[TimeControl "60"]

1. d4 d5 2. c4 c6 3. cxd5 cxd5 4. Nc3 Nf6 5. Bf4 Nc6 6. e3 a6 7. Rc1 Bf5 8. Nf3 Rc8 9. Ne5 {[%emt 0:00:07] D13: Slav Defence: Exchange variation
without ...Bf5.} Nxe5 10. dxe5 $1 {[%emt 0:04:46] 10.dxe5 is
better than 10.Bxe5.} Ne4 11. Nxe4 {[%emt 0:01:21] The
position is equal.} Rxc1 12. Qxc1 {[%emt 0:00:18] Threatens
to win with Ng3.} dxe4 13. Be2 Qa5+ 14. Qd2 Qxd2+ 15. Kxd2 e6 16. Kc3 Kd7 (16...
Be7 $11 {remains equal.}) 17. Rd1+ $16 {[%emt 0:01:55] [#]} Kc7 $146 ({Predecessor:} 17... Kc8 18. Bg5 Bc5 19. Kc4 Bb6 20. Be7 Bc7 21. Bd6
f6 22. a4 fxe5 23. Kc5 Bg6 {½-½ (49) Lesiege,A (2535)-Charbonneau,P (2442)
Montreal 2003}) 18. g4 (18. Bg5 $16) 18... Bg6 $14 19. Bg5 $36 {[%emt 0:01:49] White has the initiative.} h6 (19... h5 $14) 20. Bd8+ $18 Kc8 21. h4 {
[%emt 0:03:10] White is more active.} Bc5 22. Ba5 h5 (22... Ba7 $16) 23. gxh5 $1 Bf5 {
[%emt 0:02:37] [#]} (23... Bxh5 $2 24. Bxh5 b6 25. Bxf7 $1 bxa5 26. Bxe6+ Kb8
27. Rg1 $18) 24. Bb4 $1 Bb6 25. Bd6 Bd8 $2 {[%emt 0:01:12] [#]} (25... g6 26. hxg6 fxg6) 26. b4 $1 b5 (26... Bxh4 27. b5 Kd7 28. bxa6 (28. Bf8+
Kc7 $16) 28... bxa6 29. Bxa6 (29. Bf8+ Kc6 $16)) 27. a4 Bxh4
$2 (27... Kb7 28. axb5 axb5) 28. axb5 axb5 29. Bxb5 Kb7 {[%emt 0:00:04] Against Bc6+} 30.
Bc5 {[%emt 0:01:03] White threatens Rd7+ and mate.} Rd8 31.
Ra1 {[%emt 0:01:24] White wants to mate with Ra7+.} Bxf2 32.
Ra7+ Kb8 33. Rxf7 {[%emt 0:00:41] Ba7+ would
kill now.} Bg3 34. Ba7+ {[%emt 0:00:14] Weighted Error Value:
White=0.07 (flawless) /Black=0.72} 1-0